 Dungeon Crawl Stone Soup version 0.27-a0-1206-g6342a01c75 (webtiles) character file.

Game seed: 11982268672542229788

1566 Morbidden the Magician (level 8, -12/58 HPs)
             Began as a Demonspawn Air Elementalist on June 5, 2021.
             Was an Initiate of Vehumet.
             Mangled by a two-headed ogre
             ... wielding a +0 giant spiked club
              (20 damage)
             ... on level 7 of the Dungeon.
             The game lasted 00:11:40 (9591 turns).

Morbidden the Magician (DsAE)                       Turns: 9591, Time: 00:11:41

Health: -12/58     AC:  5    Str:  8    XL:     8   Next: 59%
Magic:  2/15       EV: 13    Int: 20    God:    Vehumet [......]
Gold:   215        SH:  0    Dex: 13    Spells: 10/17 levels left

rFire    . . .     SeeInvis +   a - +2 dagger (venom)
rCold    . . .     Faith    .   (no shield)
rNeg     . . .     Spirit   .   i - +0 robe
rPois    +         Reflect  .   y - +2 helmet {SInv}
rElec    .         Harm     .   q - scarf {repulsion}
rCorr    .         Rampage  .   (no gloves)
Will     .....                  (no boots)
Stlth    ++........             (no amulet)
HPRegen  0.19/turn              B - ring of poison resistance
MPRegen  0.14/turn              (no ring)

@: repel missiles
A: hooves 2, demonic guardian 2
a: Renounce Religion


You were on level 7 of the Dungeon.
You worshipped Vehumet.
Vehumet was noncommittal.
You visited 1 branch of the dungeon, and saw 7 of its levels.
You also visited: Sewer.

You collected 372 gold pieces.
You spent 157 gold pieces at shops.

Inventory:

Hand Weapons
 a - a +2 dagger of venom (weapon)
 b - a +5 short sword of flaming
Missiles
 g - 5 atropa-tipped darts
 r - 18 boomerangs
 u - 3 throwing nets
 C - 2 silver javelins
Armour
 i - a +0 robe (worn)
 q - a scarf of repulsion (worn)
 x - a +0 kite shield
 y - a +2 helmet of see invisible (worn)
Jewellery
 B - a ring of poison resistance (left hand)
Wands
 k - a wand of iceblast (6)
 w - a wand of charming (5)
Scrolls
 c - 3 scrolls of amnesia
 d - 9 scrolls of teleportation
 e - a scroll of acquirement {unknown}
 f - 5 scrolls of identify {unknown}
 m - 2 scrolls of fear {unknown}
 p - 3 scrolls of blinking
 s - a scroll of torment {unknown}
 z - a scroll of enchant armour {unknown}
 A - a scroll of immolation {unknown}
Potions
 h - a potion of curing
 j - 2 potions of haste {unknown}
 l - 2 potions of magic {unknown}
 n - a potion of lignification {unknown}
 o - 2 potions of might {unknown}
 t - 2 potions of invisibility {unknown}
 v - a potion of degeneration {unknown}


   Skills:
 * Level 3.2 Fighting
 * Level 2.6 Short Blades
 * Level 3.1 Dodging
 + Level 3.9 Stealth
 + Level 0.4 Unarmed Combat
 * Level 5.2 Spellcasting
 * Level 4.8 Conjurations
 * Level 4.8 Air Magic


You had 10 spell levels left.
You knew the following spells:

 Your Spells              Type           Power      Damage    Failure   Level
a - Shock                 Conj/Air       96%        1d9       1%          1
b - Static Discharge      Conj/Air       24%        N/A       2%          2
c - Airstrike             Air            12%        N/A       16%         4

Your spell library contained the following spells:

 Spells                   Type           Power      Damage    Failure   Level
 Swiftness                Air            24%        N/A       4%          3
 Animate Skeleton         Necr           10%        N/A       12%         1
 Apportation              Tloc           10%        N/A       12%         1
 Corona                   Hex            5%         N/A       12%         1
 Summon Small Mammal      Summ           20%        N/A       12%         1
 Lightning Bolt           Conj/Air       12%        1d25      41%         5


Dungeon Overview and Level Annotations

Branches:
Dungeon (7/15)             Temple (0/1) D:7           Sewer (visited)

Altars:
Dithmenos
Gozag
Hepliaklqana
Kikubaaqudgha
Qazlal
Ru
Vehumet

Shops:
D:2 [   D:3 =   D:5 ?


Innate Abilities, Weirdness & Mutations

You have hoof-like feet.
A demonic guardian rushes to your aid.


Message History

Found a stone staircase leading down.
Found a glowing war axe.
The bullfrog hits your ice devil. x2
Found 2 javelins.
Aiming: Iceblast
Press: ? - help, Shift-Dir - straight line, p - two-headed ogre
Okay, then.
The bullfrog barely misses your ice devil.
Okay, then.
Aiming: Shock (safe; 1% risk of failure)
Press: ? - help, Q - select action, (/) - cycle Shift-Dir - straight line, f/p - two-headed ogre
Aim: a two-headed ogre, wielding a +0 giant spiked club and a +0 giant club (almost dead, ally target, 88% to hit)
Okay, then.
Unknown command.
Casting: Shock (safe; 1% risk of failure)
Confirm with . or Enter, or press ? or * to list all spells.
Aiming: Shock (safe; 1% risk of failure)
Press: ? - help, Shift-Dir - straight line, f/p - two-headed ogre
Aim: a two-headed ogre, wielding a +0 giant spiked club and a +0 giant club (almost dead, ally target, 88% to hit)
The zap hits the two-headed ogre.
The two-headed ogre is almost dead.
Your demonic guardian avoids your attack.
The zap hits the bullfrog!
The bullfrog is heavily wounded.
The bullfrog barely misses your ice devil.
The bullfrog hits your ice devil.
Your ice devil hits the bullfrog.
Your ice devil freezes the bullfrog!
The bullfrog seems to slow down.
The bullfrog dies!
Vehumet accepts your kill.
Unknown command.
Your ice devil disappears in a puff of smoke!
Unknown command.
Okay, then.
Okay, then.
Aiming: Charm
Press: ? - help, Shift-Dir - straight line, f/p - two-headed ogre
Aim: a two-headed ogre, wielding a +0 giant spiked club and a +0 giant club (almost dead, chance to affect: 28%)
The two-headed ogre easily resists.
The two-headed ogre closely misses you.
The two-headed ogre hits you with a +0 giant club!!
You die...

..#..≈...≈..#.##.##.##>...
.#...≈._.≈...#..........##
..#..≈...≈..#.##†##.#####
...#..≈≈≈..#........#
....#######.....§.###
...... ..(####.## ..#..#.
). #.# ....... #O# ... ...
#@# ###


You could see a two-headed ogre.

Vanquished Creatures
  Menkaure (D:5)
  An ice beast (D:6)
  A gnoll sergeant (D:5)
  3 scorpions
  A bullfrog zombie (D:6)
  A centaur zombie (D:5)
  A jelly (D:6)
  A bullfrog skeleton (D:5)
  3 hounds
  An orc priest (D:3)
  A centaur skeleton (D:6)
  Jessica (D:2)
  An orc wizard (D:4)
  2 killer bee zombies (D:6)
  A statue (D:6)
  2 howler monkey zombies
  4 gnolls (D:5)
  7 adders
  4 river rats
  A white imp (D:6)
  An ufetubus (D:5)
  An adder skeleton (D:5)
  4 worms
  3 dart slugs
  10 orcs
  3 endoplasms
  2 giant cockroaches
  7 goblins
  6 hobgoblins
  A jackal (D:1)
  7 kobolds
  3 ball pythons
  4 bats
  14 frilled lizards
  10 rats
  A spectral kobold (D:4)
115 creatures vanquished.

Vanquished Creatures (collateral kills)
  Pikel (D:5)
  Duvessa (D:5)
  A necrophage (D:5)
  A bullfrog (D:7)
  Dowan (D:5)
  A gnoll (D:4)
  3 adders
  3 river rats (D:4)
  A worm (D:4)
  A dart slug (D:1)
  2 orcs
  A kobold (D:1)
  2 rats
19 creatures vanquished.

Grand Total: 134 creatures vanquished

Notes
Turn   | Place    | Note
-------+----------+-------------------------------------------
     0 | D:1      | Morbidden the Demonspawn Air Elementalist began the quest
                  | for the Orb.
     0 | D:1      | Reached XP level 1. HP: 13/13 MP: 3/3
   543 | D:1      | Gained mutation: A weak demonic guardian rushes to your
                  | aid. [demonic ancestry]
   543 | D:1      | Reached XP level 2. HP: 14/19 MP: 0/5
   985 | D:1      | Found a faded altar of an unknown god.
  1089 | D:1      | Learned a level 2 spell: Static Discharge
  1661 | D:2      | Reached XP level 3. HP: 11/24 MP: 3/6
  2111 | D:2      | Found Dias's Antique Armour Boutique.
  2345 | D:2      | Noticed Jessica
  2381 | D:2      | Killed Jessica
  2382 | D:2      | Gained mutation: A demonic guardian rushes to your aid.
                  | [demonic ancestry]
  2382 | D:2      | Reached XP level 4. HP: 18/31 MP: 0/8
  2751 | D:3      | Reached skill level 3 in Spellcasting
  3491 | D:3      | Noticed a scorpion
  3504 | D:3      | Killed a scorpion
  3505 | D:3      | Reached skill level 1 in Fighting
  3505 | D:3      | Gained mutation: You have large cloven feet. [demonic
                  | ancestry]
  3505 | D:3      | Reached XP level 5. HP: 37/37 MP: 1/9
  3632 | D:3      | You fall into a shaft and drop 1 floor!
  3680 | D:4      | Found a large runed translucent door.
  3680 | D:4      | Found a large runed translucent door.
  3856 | D:4      | Found a glowing drain.
  3873 | Sewer    | Entered a sewer
  4131 | Sewer    | Reached XP level 6. HP: 43/43 MP: 7/11
  4179 | Sewer    | Learned a level 4 spell: Airstrike
  5153 | D:4      | Found a hazy altar of Hepliaklqana.
  5374 | D:4      | Found an ancient bone altar of Kikubaaqudgha.
  5640 | D:4      | Found an opulent altar of Gozag.
  5748 | D:5      | Entered Level 5 of the Dungeon
  6094 | D:3      | Found Cexiak's Jewellery Emporium.
  6314 | D:4      | Found a stormy altar of Qazlal.
  6319 | D:4      | Found a shadowy altar of Dithmenos.
  6369 | D:5      | Found Qeosuppecw's Magic Scroll Emporium.
  6490 | D:5      | Bought a scroll of teleportation for 45 gold pieces
  6490 | D:5      | Bought a scroll of blinking for 112 gold pieces
  6660 | D:5      | Noticed Duvessa
  6660 | D:5      | Noticed Dowan
  6669 | D:5      | Killed Duvessa
  6670 | D:5      | Reached skill level 4 in Spellcasting
  6670 | D:5      | Reached XP level 7. HP: 15/50 MP: 11/13
  6672 | D:5      | Killed Dowan
  7025 | D:5      | Noticed Pikel
  7040 | D:5      | Killed Pikel
  7041 | D:5      | Reached skill level 1 in Short Blades
  7343 | D:5      | Noticed Menkaure
  7353 | D:5      | Killed Menkaure
  7354 | D:5      | Gained mutation: You have hoof-like feet. [demonic
                  | ancestry]
  7354 | D:5      | Reached XP level 8. HP: 24/57 MP: 8/14
  8363 | D:6      | Found a radiant altar of Vehumet.
  8543 | D:6      | Became a worshipper of Vehumet
  8970 | D:6      | Reached skill level 5 in Spellcasting
  9528 | D:7      | Found a sacrificial altar of Ru.
  9543 | D:7      | Found a staircase to the Ecumenical Temple.
  9565 | D:7      | Noticed a two-headed ogre
  9591 | D:7      | Mangled by a two-headed ogre

Illustrated notes

Levels and vault maps discovered:
D:1:      nzn_arrival_crosshair, layout_rooms, chequers_ecumenical_altar_grove,
          minmay_tetromino_o4
D:2:      layout_basic, serial_shops, shop, uniq_jessica
D:3:      layout_basic, serial_shops, shop
D:4:      layout_loops_ring, grunt_gozag_breadcrumbs,
          nicolae_hepliaklqana_monster_ancestors,
          nicolae_kikubaaqudgha_miasma_corner, jmf_multi_god_temple2,
          lightli_sewer_entry_pipes, nrook_mini_backslash
D:5:      layout_loops_cross, serial_shops, nicolae_shop_statue_plus,
          kennysheep_flooded_box, feat_on_display, uniq_menkaure, uniq_duvessa,
          uniq_pikel
D:6:      layout_gridville, vehumet_statue, hangedman_decor_lopped,
          minmay_liquid_box, chequers_mini_garden
D:7:      layout_basic, nicolae_ru_awakened_eye, minmay_temple_entry_trees,
          uniq_crazy_yiuf_cottage

Skill      XL: |  1  2  3  4  5  6  7  8 |
---------------+-------------------------+-----
Stealth        | 2 3 |  3.9
Air Magic      | 3 4 |  4.8
Spellcasting   | 3 4 5 |  5.2
Fighting       | 1 2 3 |  3.2
Dodging        | 2 3 |  3.1
Conjurations   | 2 3 4 |  4.8
Short Blades   | 1 2 |  2.6
Unarmed Combat | |  0.4

Action                   |  1- 3 |  4- 6 |  7- 9 || total
-------------------------+-------+-------+-------++-------
Melee: Unarmed           |    42 |       |       ||    42
       Dagger            |    10 |    55 |    78 ||   143
       Kick              |       |     5 |    34 ||    39
       Short sword       |       |       |    17 ||    17
 Cast: Shock             |    45 |    75 |    50 ||   170
       Static Discharge  |    13 |    22 |    14 ||    49
       Airstrike         |       |       |     2 ||     2
Evoke: Wand              |       |     1 |     1 ||     2
  Use: Potion            |       |     3 |       ||     3
       Scroll            |       |     3 |       ||     3
 Stab: Sleeping          |     1 |     3 |     2 ||     6
Armor: Robe              |     8 |    14 |    14 ||    36
Dodge: Dodged            |    38 |    54 |    74 ||   166
       Repelled          |       |       |     2 ||     2

Table legend: (Time is in decaauts)
 A = Elapsed time spent in this place.
 B = Non-inter-level travel time spent in this place.
 C = Inter-level travel time spent in this place.
 D = Time resting spent in this place.
 E = Time spent auto-exploring this place.
 F = Levels seen in this place.
 G = Mean time per level.
                   A        B        C        D        E       F      G
               +--------+--------+--------+--------+--------+-----+--------+
         Total |   9685 |   9512 |    173 |    855 |   7523 |   8 | 1210.6 |
       Dungeon |   8701 |   8528 |    173 |    678 |   6823 |   7 | 1243.0 |
         Sewer |    983 |    983 |      0 |    177 |    700 |   1 |  983.0 |
               +--------+--------+--------+--------+--------+-----+--------+

Top non-repeatable levels by time:
     D:5: 1709 daAuts
     D:4: 1555 daAuts
     D:2: 1487 daAuts
     D:1: 1481 daAuts
     D:6: 1336 daAuts
   Sewer: 983 daAuts
     D:3: 961 daAuts
     D:7: 170 daAuts
